 Dungeon Crawl Stone Soup version 0.26.0-16-gc1dbca0489 (webtiles) character file.

Game seed: 15523064180887631494

27319 promet the Blocker (level 13, -2/69 (70) HPs)
             Began as a Vine Stalker Fighter on Jan 21, 2021.
             Was a Priest of Uskayaw.
             Slain by a catoblepas (9 damage)
             ... while petrified by a catoblepas
             ... on level 5 of the Lair of Beasts on Jan 22, 2021.
             The game lasted 02:45:30 (17153 turns).

promet the Blocker (Vine Stalker Fighter)          Turns: 17153, Time: 02:45:30

HP:   -2/69 (70)    AC: 11    Str: 27    XL:     13   Next: 31%
MP:   0/14          EV:  2    Int:  8    God:    Uskayaw [***...]
Gold: 629           SH:  0    Dex: 19    Spells: 12/12 levels left

rFire    . . .     SeeInvis +   a - +3 rapier (venom)
rCold    . . .     Faith    .   c - +5 kite shield
rNeg     + + +     Spirit   +   t - +1 chain mail
rPois    ∞         Reflect  .   D - +2 helmet of the Curious Villages {*Corrode +Blink Will- Str+8}
rElec    .         Harm     +   e - scarf {repulsion}
rCorr    .         Rampage  .   T - +0 pair of gloves
Will     ++...                  Z - +2 pair of boots of Vanity {Harm Will++}
Stlth    +.........             F - amulet of regeneration
HPRegen  1.41/turn              f - ring of see invisible
MPRegen  0.14/turn              u - ring of poison resistance

@: petrified, corroded, lightly drained, repel missiles
A: fangs 3, hooves 1, regeneration 2, magic shield, antimagic bite, no potion
heal 3
a: Renounce Religion, Evoke Blink, Stomp, Line Pass


You were on level 5 of the Lair of Beasts.
You worshipped Uskayaw.
Uskayaw was noncommittal.
You visited 3 branches of the dungeon, and saw 17 of its levels.

You collected 1334 gold pieces.
You spent 705 gold pieces at shops.

Inventory:

Hand Weapons
 a - a +3 rapier of venom (weapon)
 b - a +0 hunting sling
 l - a +0 war axe
 y - a +0 scimitar
 z - a +2 falchion
 C - a +2 vorpal flail
 E - a +1 whip of freezing
 N - a +1 dagger of venom
 O - a +1 spear of pain
 P - a +4 spear
Missiles
 i - 519 stones
 j - 22 poisoned darts
 k - 251 arrows
 p - 51 bolts
 q - 7 javelins (quivered)
 v - 122 sling bullets
 B - 14 boomerangs
 G - 3 throwing nets
 R - 7 atropa-tipped darts
 Y - 4 curare-tipped darts
Armour
 c - a +5 kite shield (worn)
 e - a scarf of repulsion (worn)
 t - a +1 chain mail (worn)
 D - the +2 helmet of the Curious Villages (worn) {*Corrode +Blink Will- Str+8}
   (You bought it in a shop on level 7 of the Dungeon)

   It affects your strength (+8).
   It affects your willpower, your defense against some magical effects.
   It lets you blink.
   It may corrode you when you take damage.
 L - a +0 pair of boots
 S - a +0 cloak
 T - a +0 pair of gloves (worn)
 Z - the +2 pair of boots of Vanity (worn) {Harm Will++}
   (You bought it in a shop on level 9 of the Dungeon)

   It affects your willpower, your defense against some magical effects.
   It increases damage dealt and taken.
Jewellery
 f - a ring of see invisible (left hand)
 h - an uncursed amulet of guardian spirit
 r - an uncursed ring of stealth
 u - a ring of poison resistance (right hand)
 F - an amulet of regeneration (around neck)
Wands
 d - a wand of random effects (65)
 H - a wand of disintegration (16)
 V - a wand of digging (4)
 W - a wand of enslavement (7)
Scrolls
 m - 8 scrolls of teleportation
 o - a scroll of magic mapping
 s - 2 scrolls of fog
 w - a scroll of amnesia
 x - 10 scrolls of identify
 I - a scroll of blinking
 K - 3 scrolls of fear
 U - 3 scrolls of remove curse
Potions
 g - a potion of berserk rage {unknown}
 A - 4 potions of curing
 J - 5 potions of haste
 M - 2 potions of flight
 X - a potion of might
Miscellaneous
 n - a phial of floods
 Q - a phantom mirror


   Skills:
 * Level 9.4 Fighting
 + Level 8.1(9.0) Short Blades
 + Level 6.0(8.0) Long Blades
 + Level 4.7(6.0) Slings
 + Level 5.8(6.6) Throwing
 + Level 7.7 Armour
 + Level 3.0 Dodging
 + Level 6.7 Stealth
 + Level 9.6 Shields
 + Level 0.8 Evocations


You had 12 spell levels left.
You didn't know any spells.
Your spell library contained the following spells:

 Spells                   Type           Power        Failure   Level
 Beastly Appendage        Tmut           0%           99%         1
 Corona                   Hex            0%           99%         1
 Ensorcelled Hibernation  Hex/Ice        0%           100%        2
 Wereblood                Tmut           0%           100%        2
 Confusing Touch          Hex            0%           100%        3
 Dazzling Flash           Conj/Hex       0%           100%        3
 Gell's Gravitas          Tloc           0%           100%        3
 Spider Form              Tmut/Pois      0%           100%        3
 Tukima's Dance           Hex            0%           100%        3
 Ice Form                 Ice/Tmut       0%           100%        4
 Petrify                  Tmut/Erth      0%           100%        4
 Blade Hands              Tmut           0%           100%        5
 Metabolic Englaciation   Hex/Ice        0%           100%        5
 Yara's Violent Unravell  Hex/Tmut       0%           100%        5


Dungeon Overview and Level Annotations

Branches:
Dungeon (11/15)            Temple (1/1) D:4            Lair (5/6) D:11
  Swamp (0/4) Lair:2       Spider (0/4) Lair:3        Slime (0/5) Lair:5
    Orc (0/2) D:11

Altars:
Elyvilon
Kikubaaqudgha
Nemelex Xobeh
Ru
Sif Muna
Trog
Uskayaw
Vehumet
Wu Jian
Xom
Yredelemnul
Zin
The Shining One

Shops:
D:4 :   D:7 (![(?   D:9 [([   D:10 ==

Portals:
Trove: D:11 (give 2 scrolls of acquirement)

Annotations:
D:7 Shops!
D:9 1 runed translucent door, Arex's ghost, novice VSFE


Innate Abilities, Weirdness & Mutations

You have razor-sharp teeth.
You heal very quickly.
When hurt, damage is shared between your health and your magic reserves.
Your bite disrupts and absorbs the magic of your enemies.
Potions cannot restore your health.
You have large cloven feet.


Message History

The hell rat bites you. The catoblepas gores you!! The hell rat bites you!
* * * LOW HITPOINT WARNING * * *
The catoblepas breathes a plume of calcifying dust at you.
The blast of calcifying dust hits you but does no damage.
The hell rat bites you!
* * * LOW HITPOINT WARNING * * *
You are engulfed in calcifying dust.
The hell rat bites you!
* * * LOW HITPOINT WARNING * * *
The catoblepas breathes a plume of calcifying dust at you.
The blast of calcifying dust hits you.
You are engulfed in calcifying dust.
The hell rat bites you.
* * * LOW HITPOINT WARNING * * *
The catoblepas gores you but does no damage.
You are engulfed in calcifying dust.
The hell rat bites you!
* * * LOW HITPOINT WARNING * * *
The catoblepas barely misses you.
You are engulfed in calcifying dust.
The hell rat bites you.
* * * LOW HITPOINT WARNING * * *
The catoblepas gores you!!
You die...

***
*,,,,,***,,,,,,***
,*
**,,****,*,,,,,*
**
**,,,###,,,**,**
,* *...##P...,****
,* *#..##...*** ,*
#...#..## ,*
##..##...###### **
#....#....§...###
,*
##.[#.#)r@†<....#
**
##..§Y###Y#.####.#
,* ###...r.r#.####
*** **
#.....r...## *
##........##
####...r...†..#
#...........###
.........(..#
.....#......#*


You could see a catoblepas (very poisoned) and a hell rat.

Vanquished Creatures
  A boulder beetle (D:9)
  3 hydras
  2 two-headed ogres
  Sonja (Lair:2)
  2 unseen horrors
  A bog body (Lair:2)
  An oklob plant (D:11)
  A manticore (D:11)
  Maurice (D:11)
  3 elephants (Lair:1)
  3 black mambas
  3 cane toads (Lair:3)
  7 komodo dragons
  A troll (D:10)
  2 polar bears (Lair:2)
  9 blink frogs
  Sigmund (D:5)
  27 yaks
  Grum (D:8)
  A steam dragon (D:11)
  5 basilisks
  A warg (D:10)
  2 soldier ants
  5 water moccasins
  3 orc warriors
  An ice beast (D:5)
  2 phantoms (D:4)
  2 black bears (Lair:3)
  2 necrophages (D:6)
  9 ogres
  2 sky beasts
  14 wolves
  3 centaurs
  A big kobold (D:8)
  10 bullfrogs
  3 gnoll sergeants
  A wyvern skeleton (D:7)
  2 scorpions
  14 killer bees
  11 wights
  3 electric eels
  3 howler monkeys
  A bullfrog zombie (D:7)
  A centaur zombie (D:8)
  5 jellies
  A quasit (D:7)
  6 hounds
  2 orc priests
  2 bullfrog skeletons
  A centaur skeleton (D:7)
  2 gnoll shamans (D:7)
  3 orc wizards
  4 iguanas
  6 hell rats (Lair:5)
  8 worker ants
  A hound skeleton (D:5)
  A worker ant zombie (D:8)
  10 adders
  23 gnolls
  3 shadow imps
  An ufetubus (D:9)
  7 oozes
  An adder skeleton (D:9)
  An adder zombie (D:7)
  3 worms
  A dart slug (D:2)
  5 leopard geckos
  29 orcs
  A ball python (D:6)
  3 giant cockroaches
  2 gnoll zombies (D:8)
  9 goblins
  7 hobgoblins
  16 jackals
  5 quokkas
  7 bats
  6 frilled lizards
  A jackal zombie (D:5)
  12 kobolds
  A leopard gecko skeleton (D:5)
  11 rats
379 creatures vanquished.

Vanquished Creatures (collateral kills)
  A komodo dragon (Lair:3)
1 creature vanquished.

Vanquished Creatures (others)
  4 fungi (Lair:2)
  22 plants
26 creatures vanquished.

Grand Total: 406 creatures vanquished

Notes
Turn   | Place    | Note
-------+----------+-------------------------------------------
     0 | D:1      | promet the Vine Stalker Fighter began the quest for the
                  | Orb.
     0 | D:1      | Reached XP level 1. HP: 11/11 MP: 2/2
   271 | D:1      | Gained mutation: Your natural rate of healing is unusually
                  | fast. [potion of mutation]
   271 | D:1      | Gained mutation: You have large cloven feet. [potion of
                  | mutation]
   439 | D:1      | Reached XP level 2. HP: 16/16 MP: 3/3
   668 | D:2      | Found a transporter.
   688 | D:2      | Found a transporter.
   706 | D:2      | Noticed an orc warrior
   706 | D:2      | Noticed a bullfrog
   708 | D:2      | Found a shimmering blue altar of Sif Muna.
   759 | D:2      | Reached XP level 3. HP: 20/20 MP: 4/4
   965 | D:2      | Found an ancient bone altar of Kikubaaqudgha.
  1432 | D:2      | Mutation became permanent: Your natural rate of healing is
                  | unusually fast. [Vine Stalker growth]
  1432 | D:2      | Gained mutation: Your natural rate of healing is unusually
                  | fast. [Vine Stalker growth]
  1432 | D:2      | Reached XP level 4. HP: 24/24 MP: 5/5
  2209 | D:3      | Reached XP level 5. HP: 29/29 MP: 6/6
  2503 | D:4      | Found Wizyhuh's Book Boutique.
  2545 | D:4      | Noticed a phantom
  2565 | D:4      | Killed a phantom
  2566 | D:4      | Reached XP level 6. HP: 33/33 MP: 7/7
  2787 | D:4      | Found a staircase to the Ecumenical Temple.
  2787 | D:4      | Noticed a phantom
  2817 | D:4      | Killed a phantom
  2818 | D:4      | Reached skill level 1 in Throwing
  2876 | Temple   | Entered the Ecumenical Temple
  2891 | Temple   | Became a worshipper of Uskayaw the Reveller
  2926 | D:4      | Reached * piety under Uskayaw
  2927 | D:4      | Reached ** piety under Uskayaw
  3054 | D:4      | Found a sparkling altar of Nemelex Xobeh.
  3066 | D:4      | Found an ornate altar of the Wu Jian Council.
  3337 | D:5      | Entered Level 5 of the Dungeon
  3391 | D:5      | Noticed an ice beast
  3407 | D:5      | Killed an ice beast
  3407 | D:5      | Reached *** piety under Uskayaw
  3408 | D:5      | Reached XP level 7. HP: 38/38 MP: 8/8
  3437 | D:5      | Noticed Sigmund
  3448 | D:5      | Killed Sigmund
  3449 | D:5      | Reached skill level 1 in Dodging
  3536 | D:5      | Reached **** piety under Uskayaw
  3976 | D:6      | Gained mutation: You have razor-sharp teeth. [Vine Stalker
                  | growth]
  3976 | D:6      | Reached XP level 8. HP: 27/42 MP: 7/9
  4085 | D:6      | Reached skill level 5 in Fighting
  4478 | D:6      | Found a glowing silver altar of Zin.
  4609 | D:6      | Noticed a moth of wrath
  4613 | D:6      | Found a bloodstained altar of Trog.
  4893 | D:7      | Reached skill level 5 in Long Blades
  5024 | D:6      | Reached skill level 1 in Stealth
  5140 | D:6      | Reached skill level 5 in Shields
  5286 | D:6      | Reached XP level 9. HP: 9/47 MP: 4/10
  5527 | D:7      | Found a sacrificial altar of Ru.
  5669 | D:6      | Reached skill level 5 in Armour
  5854 | D:7      | Found Dofrav's Weapon Shop.
  5944 | D:7      | Bought a +0 scimitar for 44 gold pieces
  5944 | D:7      | Bought a +1 rapier of venom for 129 gold pieces
  6062 | D:7      | Found Pusaeth's Antique Armour Emporium.
  6073 | D:7      | Bought a distressingly furry helmet for 247 gold pieces
  6078 | D:7      | Identified the +2 helmet of the Curious Villages {*Corrode
                  | +Blink Will- Str+8} (You bought it in a shop on level 7 of
                  | the Dungeon)
  6126 | D:7      | Found a glowing golden altar of the Shining One.
  6164 | D:7      | Found Cepn's Antique Weapon Boutique.
  6346 | D:7      | Reached skill level 1 in Short Blades
  6522 | D:7      | Found Veer Uguo's Magic Scroll Shop.
  6814 | D:7      | Found Wiynagg's Distillery.
  6889 | D:8      | Reached skill level 1 in Slings
  6927 | D:8      | Noticed a two-headed ogre
  6943 | D:8      | Killed a two-headed ogre
  6944 | D:8      | Reached XP level 10. HP: 29/53 MP: 6/11
  7259 | D:8      | Found a basalt altar of Yredelemnul.
  7442 | D:8      | Noticed Grum
  7450 | D:8      | Killed Grum
  7846 | D:9      | Noticed a boulder beetle
  7865 | D:9      | Killed a boulder beetle
  7887 | D:9      | Found a runed translucent door.
  7887 | D:9      | Found a shimmering altar of Xom.
  7887 | D:9      | Noticed Arex's ghost (novice VSFE)
  7887 | D:9      | Noticed a +0 scimitar of chaos
  7957 | D:9      | Found Duevebudgh's Antique Weapon Shoppe.
  8033 | D:9      | Found Gaises's Armour Boutique.
  8081 | D:9      | Found Rekkots's Antique Armour Emporium.
  8653 | D:9      | Reached XP level 11. HP: 57/58 MP: 12/12
  8845 | D:10     | Entered Level 10 of the Dungeon
  8916 | D:10     | Reached ***** piety under Uskayaw
  8953 | D:10     | Found Haanun's Jewellery Shoppe.
  9205 | D:10     | Found Riexid's Jewellery Shoppe.
  9296 | D:9      | Bought a pair of twisted boots for 285 gold pieces
  9307 | D:9      | Identified the +2 pair of boots of Vanity {Harm Will++}
                  | (You bought it in a shop on level 9 of the Dungeon)
  9921 | D:10     | Noticed an unseen horror
  9928 | D:10     | Killed an unseen horror
  9929 | D:10     | Reached skill level 5 in Short Blades
 10791 | D:11     | Noticed a manticore
 10805 | D:11     | Killed a manticore
 10954 | D:11     | Found a staircase to the Orcish Mines.
 10956 | D:11     | Noticed a two-headed ogre
 10962 | D:11     | Killed a two-headed ogre
 11229 | D:11     | Found a portal to a secret trove of treasure.
 11280 | D:11     | Noticed an unseen horror
 11298 | D:11     | Killed an unseen horror
 11403 | D:11     | Found a staircase to the Lair.
 11403 | D:11     | Noticed Maurice
 11404 | D:11     | Noticed an oklob plant
 11421 | D:11     | Killed Maurice
 11998 | D:11     | Killed an oklob plant
 12026 | Lair:1   | Entered Level 1 of the Lair of Beasts
 12068 | Lair:1   | Reached skill level 5 in Throwing
 12501 | Lair:1   | Gained mutation: You heal very quickly. [Vine Stalker
                  | growth]
 12501 | Lair:1   | Reached XP level 12. HP: 64/64 MP: 13/13
 12766 | Lair:1   | Reached skill level 5 in Stealth
 12977 | Lair:1   | Noticed a four-headed hydra
 12984 | Lair:1   | Killed a four-headed hydra
 13489 | Lair:2   | Noticed a six-headed hydra
 13501 | Lair:2   | Killed a six-headed hydra
 13779 | Lair:2   | Noticed Sonja
 13791 | Lair:2   | Killed Sonja
 14076 | Lair:2   | Found a staircase to the Swamp.
 14692 | Lair:3   | Noticed a six-headed hydra
 14712 | Lair:3   | Killed a six-headed hydra
 14816 | Lair:3   | Reached XP level 13. HP: 70/70 MP: 14/14
 15140 | Lair:3   | You fall into a shaft and drop 2 floors!
 15460 | Lair:3   | Found a hole to the Spider Nest.
 17153 | Lair:5   | Slain by a catoblepas

Illustrated notes

Levels and vault maps discovered:
D:1:      dpeg_arrival_chambers_temple_mockup, layout_loops_ring,
          minmay_misc_feat_pillars
D:2:      minmay_razor_zed, layout_loops_ring, gammafunk_temple_overflow_arena,
          old_standard_altar, grunt_decor_mini_mirrors
D:3:      layout_rooms
D:4:      layout_basic, minitemple, minmay_temple_entry_butterflies,
          serial_shops, nicolae_shop_statue_plus, minmay_cupped
D:5:      wad_pebble_path, layout_rooms, uniq_sigmund
D:6:      layout_loops_ring, tgw_trog, lemuel_coloured_pillars_altar,
          amcnicky_mini_rare_corridor_liquid, minmay_misc_feat_rugged
D:7:      layout_cave_pools, nicolae_ru_awakened_eye, serial_shops,
          kennysheep_mini_moat, nicolae_shop_statue_plus,
          nicolae_shop_waterfront, kennysheep_mini, shop_statue,
          serial_gnoll_camp, gnoll_camp_mini_loothouse, gnoll_camp_mini_basic,
          gnoll_camp_mini_house, gnoll_camp_mini_doghouse, gnoll_camp_medium_01,
          nicolae_tso_swordbearing_angel
D:8:      layout_loops_cross, lemuel_zombie_altar_yredelemnul,
          nrook_mini_backslash, kennysheep_generic_room_3, uniq_grum
D:9:      layout_basic, ebering_ghost_xom, serial_shops, shop, shop, shop_statue
D:10:     layout_grid_maze, serial_shops, nicolae_shop_waterfront, shop,
          moated_statue, grunt_ogre_cave, serial_bayou_lagoon_a,
          chequers_serial_rivers_micro_b, hangedman_little_slice_of_home
D:11:     layout_irregular_city, dpeg_oklobed_lair, david_orc_1_choice,
          nicolae_trove_entry_columns, uniq_maurice
Temple:   jpeg_temple_clearing
Lair:1:   layout_cave_pods
Lair:2:   layout_cave_pods, skrybe_swamp_entry_bodies,
          chequers_serial_rivers_marsh, grunt_megastairs_1, uniq_sonja
Lair:3:   layout_hall_layers, spider_nest_entry_web_field, serial_bayou_pond_e,
          lemuel_fruit_fields, grunt_megastairs_4, lemuel_fruit_tree
Lair:4:   layout_gridlike, lemuel_fruit_fields, serial_bayou_shore_a
Lair:5:   layout_layer_cave, slime_altar_1, minmay_lair_oklob_chamber

Skill      XL: |  1  2  3  4  5  6  7  8  9 10 11 12 13 |
---------------+----------------------------------------+-----
Fighting       | 3 4 5 6 7 8 9 |  9.4
Long Blades    | 2 3 4 5 6 |  6.0
Armour         | 3 4 5 6 7 |  7.7
Shields        | 3 4 5 6 7 8 9 |  9.6
Throwing       | 1 2 3 4 5 |  5.8
Dodging        | 1 2 3 |  3.0
Stealth        | 1 2 3 4 6 |  6.7
Short Blades   | 3 4 6 7 8 |  8.1
Slings         | 1 3 4 |  4.7
Evocations     | |  0.8

Action                   |  1- 3 |  4- 6 |  7- 9 | 10-12 | 13-15 || total
-------------------------+-------+-------+-------+-------+-------++-------
Melee: Long sword        |    72 |   133 |   149 |       |       ||   354
       Bite              |    20 |    31 |   119 |   238 |    51 ||   459
       Kick              |    19 |    36 |   143 |   193 |    41 ||   432
       Falchion          |       |       |    97 |       |       ||    97
       Rapier            |       |       |    73 |   495 |    99 ||   667
 Fire: Hunting sling     |       |       |     9 |    72 |    12 ||    93
Throw: Stone             |     1 |    13 |       |       |       ||    14
       Javelin           |       |    21 |    18 |    67 |    17 ||   123
       Dart              |       |       |    14 |       |       ||    14
       Throwing net      |       |       |     3 |     3 |       ||     6
 Abil: Evoke Blink       |       |       |     1 |       |       ||     1
Evoke: Wand              |       |       |    15 |     1 |     1 ||    17
  Use: Scroll            |     8 |     5 |     5 |     8 |     3 ||    29
       Potion            |     4 |     3 |     3 |     1 |       ||    11
 Stab: Paralysed         |       |       |     8 |    21 |     5 ||    34
       Held in net/web   |       |       |     1 |       |       ||     1
Armor: Scale mail        |    23 |    20 |       |       |       ||    43
       Chain mail        |       |    27 |   120 |   124 |    29 ||   300
Dodge: Dodged            |    14 |    22 |    57 |   115 |    18 ||   226
       Repelled          |       |       |       |     3 |       ||     3
Block: Kite shield       |    26 |    66 |   236 |   388 |    61 ||   777
       Rpst.: Long sword |     5 |     4 |     4 |       |       ||    13
       Falchion          |       |       |     8 |       |       ||     8
